 Seeded DCSS version 0.29-a0-1023-g6ae1a4a2c7 (webtiles) character file.

Game seed: 20220812 (custom seed)

35 purpskrrrp the Chopper (level 3, -2/19 HPs)
             Began as a Vine Stalker Fighter on Aug 12, 2022.
             Slain by a worm (7 damage)
             ... on level 2 of the Dungeon.
             The game lasted 00:02:32 (1199 turns).

purpskrrrp the Chopper (Vine Stalker Fighter)       Turns: 1199, Time: 00:02:33

Health: -2/19      AC:  6    Str: 20    XL:     3   Next: 35%
Magic:  0/4        EV:  9    Int:  8    God:
Gold:   47         SH:  4    Dex: 13    Spells: 2/2 levels left

rFire   . . .      SeeInvis .   j - +1 short sword (speed)
rCold   . . .      Faith    .   c - +0 buckler
rNeg    . . .      Spirit   +   b - +0 scale mail
rPois   .          Reflect  .   (no helmet)
rElec   .          Harm     .   (no cloak)
rCorr   .          Rampage  .   (no gloves)
Will    .....                   (no boots)
Stlth   ..........              (no amulet)
HPRegen 0.06/turn               h - ring of flight
MPRegen 0.09/turn               (no ring)

@: flying
A: fangs 2, magic shield, antimagic bite, no potion heal 2
a: no special abilities


You were on level 2 of the Dungeon.
You visited 1 branch of the dungeon, and saw 2 of its levels.

You collected 47 gold pieces.

Inventory:

Hand Weapons
 a - a +0 war axe
 j - a +1 short sword of speed (weapon)
Armour
 b - a +0 scale mail (worn)
 c - a +0 buckler (worn)
Jewellery
 h - a ring of flight (left hand)
Scrolls
 e - a scroll of teleportation {unknown}
 f - a scroll of vulnerability {unknown}
 i - a scroll of torment {unknown}
Potions
 d - a potion of might
 g - 2 potions of lignification {unknown}
 k - 2 potions of curing {unknown}


   Skills:
 - Level 2.7 Fighting
 * Level 0.6 Short Blades
 + Level 3.0 Axes
 - Level 2.4 Armour
 - Level 2.7 Shields


You had 2 spell levels left.
You didn't know any spells.
Your spell library contained the following spells:

 Spells                   Type           Power      Damage    Failure   Level
 Hailstorm                Conj/Ice       0%         3d3       100%        4
 Ice Form                 Ice/Tmut       0%         N/A       100%        4
 Simulacrum               Ice/Necr       0%         N/A       100%        6


Dungeon Overview and Level Annotations

Branches:
Dungeon (2/15)

Altars:

Annotations:
D:2 Sigmund


Innate Abilities, Weirdness & Mutations

You have extremely sharp teeth.
When hurt, damage is shared between your health and your magic reserves.
Your bite disrupts and absorbs the magic of your enemies.
Potions cannot restore your health.


Message History

Found a grey potion and 5 gold pieces.
Sigmund barely misses you.
There is a stone staircase leading up here.
You see here a frilled lizard corpse.
You hit Sigmund. You bite Sigmund, but do no damage.
Sigmund is lightly wounded.
A ball python comes into view.
You hit Sigmund but do no damage.
Sigmund is lightly wounded.
The rat bites you but does no damage. Sigmund casts a spell at you.
You resist with some effort.
You barely miss Sigmund.
Sigmund is lightly wounded.
The rat bites you but does no damage.
You hit Sigmund. Your bite misses Sigmund.
Sigmund is lightly wounded.
Sigmund hits you with a +0 scythe.
You hit Sigmund. You bite Sigmund.
Sigmund's magic leaks into the air.
You drain his magic.
You feel invigorated.
Sigmund is heavily wounded.
You block the rat's attack.
You closely miss Sigmund. You bite Sigmund.
Sigmund's magic leaks into the air.
You drain his magic.
Sigmund is severely wounded.
The rat misses you.
Sigmund falters for a moment.
You block the worm's attack.
You closely miss Sigmund. Your bite misses Sigmund.
Sigmund is severely wounded.
The rat closely misses you.
Sigmund falters for a moment.
You closely miss Sigmund.
Sigmund is severely wounded.
The worm bites you. The rat bites you but does no damage.
Sigmund hits you with a +0 scythe!
You closely miss Sigmund. Your bite misses Sigmund.
Sigmund is severely wounded.
You closely miss Sigmund. You bite Sigmund, but do no damage.
Sigmund is severely wounded.
The rat bites you.
* * * LOW HITPOINT WARNING * * *
The worm bites you!
You die...

#.#### #.. ... #.#.##..
#.#+###' #.#.##.#
#....... #
#.#.##.#####.....).
###.#.#.##.............
#...#.#....######......
#.....##.# #......
...#.#r#..#.# #......
....!S@@#.#.# #......
#####.w.!.#.# ######)
....###.#.# #. #....
.#.# #. $.... ...# ##
..... ### ###. #.


You could see Sigmund (magic disrupted), a worm, a ball python and a rat.

Vanquished Creatures
  A worm (D:2)
  A dart slug (D:1)
  3 endoplasms
  A giant cockroach (D:2)
  2 goblins
  3 hobgoblins
  2 quokkas
  2 ball pythons (D:1)
  3 bats (D:1)
  2 frilled lizards
  6 kobolds
  5 rats
31 creatures vanquished.

Vanquished Creatures (others)
  9 plants (D:1)
9 creatures vanquished.

Grand Total: 40 creatures vanquished

Notes
Turn   | Place    | Note
-------+----------+-------------------------------------------
     0 | D:1      | purpskrrrp the Vine Stalker Fighter began the quest for the
                  | Orb.
     0 | D:1      | Reached XP level 1. HP: 11/11 MP: 2/2
   169 | D:1      | Reached skill level 2 in Axes
   344 | D:1      | Reached XP level 2. HP: 13/16 MP: 3/3
   567 | D:1      | Found a faded altar of an unknown god.
   881 | D:2      | Reached XP level 3. HP: 15/19 MP: 4/4
  1009 | D:2      | Reached skill level 3 in Axes
  1184 | D:2      | Noticed Sigmund
  1199 | D:2      | Slain by a worm

Illustrated notes

Levels and vault maps discovered:
D:1:      spicycebolla_arrival_xxxplode, layout_basic,
          dilly_ecumenical_altar_fadedgnrine
D:2:      layout_basic, serial_shops, nicolae_shop_bloodbath_and_beyond,
          basic_altar, uniq_sigmund

Skill      XL: |  1  2  3 |
---------------+----------+-----
Axes           | 2 3 |  3.0
Fighting       | |  2.7
Short Blades   | |  0.6
Armour         | |  2.4
Shields        | |  2.7

Action                   || total
-------------------------++-------
Melee: War axe           ||    46
       Bite              ||    19
       Short sword       ||    34
Armor: Scale mail        ||    34
Dodge: Dodged            ||    26
Block: Buckler           ||    20

Table legend: (Time is in decaauts)
 A = Elapsed time spent in this place.
 B = Non-inter-level travel time spent in this place.
 C = Inter-level travel time spent in this place.
 D = Time resting spent in this place.
 E = Time spent auto-exploring this place.
 F = Levels seen in this place.
 G = Mean time per level.
                   A        B        C        D        E       F      G
               +--------+--------+--------+--------+--------+-----+--------+
         Total |   1210 |   1210 |      0 |      0 |    985 |   2 |  605.0 |
       Dungeon |   1210 |   1210 |      0 |      0 |    985 |   2 |  605.0 |
               +--------+--------+--------+--------+--------+-----+--------+

Top non-repeatable levels by time:
     D:1: 884 daAuts
     D:2: 325 daAuts
